 Dungeon Crawl Stone Soup version 0.23.2-40-g277498a001 (webtiles) character file.

Game seed: 16904517588600052103

190 MalarOregon the Firebug (level 5, -2/38 HPs)
             Began as a Draconian Fire Elementalist on Sept 7, 2019.
             Slain by Crazy Yiuf
             ... wielding a +3 quarterstaff of chaos
              (3 damage)
             ... while petrified by Crazy Yiuf
             ... on level 3 of the Dungeon.
             The game lasted 00:05:48 (3996 turns).

MalarOregon the Firebug (DrFE)                      Turns: 3996, Time: 00:05:49

Health: -2/38      AC:  5    Str: 11    XL:     5   Next: 41%
Magic:  9/9        EV:  2    Int: 16    God:
Gold:   89         SH:  0    Dex: 11    Spells: 5/10 levels left

rFire    . . .     SeeInvis .   g - +2 dagger (speed)
rCold    . . .     Gourm    .   (no shield)
rNeg     + + +     Faith    .   (armour unavailable)
rPois    ∞         Spirit   .   (helmet restricted)
rElec    .         Reflect  .   (no cloak)
rCorr    .         Harm     .   (no gloves)
MR       .....                  (no boots)
Stlth    ++........             (no amulet)
HPRegen  0.12/turn              (no ring)
MPRegen  0.11/turn              (no ring)

@: petrified, slowed
A: unfitting armour, cold-blooded, AC +5
a: no special abilities


You were on level 3 of the Dungeon.
You were very hungry.

You visited 1 branch of the dungeon, and saw 3 of its levels.

You collected 89 gold pieces.

Inventory:

Hand Weapons
 g - a +2 dagger of speed (weapon)
   (You took it off a goblin on level 1 of the Dungeon)
Armour
 q - a +0 cloak
   (You found it on level 2 of the Dungeon)
Jewellery
 k - an uncursed ring of protection from fire {unknown}
   (You found it on level 2 of the Dungeon)
 u - an uncursed ring of positive energy {unknown}
   (You found it on level 3 of the Dungeon)
Scrolls
 d - a scroll of enchant armour {unknown}
 h - a scroll of immolation {unknown}
 i - a scroll of remove curse {unknown}
 j - a scroll of noise {unknown}
 m - 9 scrolls of identify {unknown}
 n - a scroll of magic mapping {unknown}
 o - a scroll of enchant weapon {unknown}
 p - a scroll of teleportation {unknown}
 s - 2 scrolls of random uselessness {unknown}
 t - a scroll of blinking {unknown}
Potions
 a - a potion of cancellation {unknown}
 b - 2 potions of heal wounds {unknown}
 c - a potion of magic
 f - a potion of might {unknown}
 r - 2 potions of degeneration {unknown}
Comestibles
 e - 7 rations {!d}


   Skills:
 - Level 1.7 Dodging
 - Level 1.7 Stealth
 + Level 3.0 Spellcasting
 + Level 2.7 Conjurations
 * Level 4.8 Fire Magic


You had 5 spell levels left.
You knew the following spells:

 Your Spells              Type           Power        Failure   Level  Hunger
a - Flame Tongue          Conj/Fire      ##...        3%          1    #......
q - Sticky Flame          Conj/Fire      ##......     36%         4    #####..

Your spell library contained the following spells:

 Spells                   Type           Power        Failure   Level  Hunger
 Throw Flame              Conj/Fire      ##....       6%          2    ##.....
 Conjure Flame            Conj/Fire      ##......     12%         3    ###....
 Inner Flame              Hex/Fire       ##......     21%         3    ###....
 Fireball                 Conj/Fire      ##........   71%         5    ######.


Dungeon Overview and Level Annotations

Branches:
Dungeon (3/15)

Altars:
The Shining One

Annotations:
D:3 Crazy Yiuf


Innate Abilities, Weirdness & Mutations

Your plain brown scales are hard. (AC +5)
You cannot fit into any form of body armour.
You are cold-blooded and may be slowed by cold attacks.


Message History

You hit the fungus. You hit the fungus.
You tail-slap the fungus, but do no damage.
You hit the fungus.
You destroy the fungus!
Found a mace.
Crazy Yiuf shouts!
Crazy Yiuf yells, "Buddy senile canine!"
You start resting.
You are feeling very hungry.
You start resting.
Crazy Yiuf cries, "Mugger green arm!"
Crazy Yiuf screams, "Goober ladder snail!"
Crazy Yiuf says, "Cake pizzabubble senile!"
Crazy Yiuf screams, "Tonal eyeball water!"
Crazy Yiuf cries, "Ghoul King Orb Guardian!"
You start resting.
Crazy Yiuf whimpers, "Mugger dark infinity!"
Crazy Yiuf whimpers, "Ten!"
Crazy Yiuf yells, "Cholesterol!
Prologue horse childish."
You open the door.
Aim: Crazy Yiuf, wielding a +3 quarterstaff of chaos and wearing a +0 cloak The flame tongue hits Crazy Yiuf but does no damage.
Crazy Yiuf hits you with a +3 quarterstaff of chaos!
You are slowing down.
Unknown command.
Unknown command.
Unknown command.
Aim: Crazy Yiuf, wielding a +3 quarterstaff of chaos and wearing a +0 cloak The flame tongue hits Crazy Yiuf.
Crazy Yiuf completely misses you.
Your limbs are stiffening.
It was a potion of magic.
Magic courses through your body. Crazy Yiuf completely misses you.
Crazy Yiuf hits you with a +3 quarterstaff of chaos!
Crazy Yiuf freezes you.
You have turned to stone.
Crazy Yiuf hits you but does no damage.
Crazy Yiuf hits you with a +3 quarterstaff of chaos!
* * * LOW HITPOINT WARNING * * *
Crazy Yiuf burns you.
* * * LOW HITPOINT WARNING * * *
Crazy Yiuf hits you with a +3 quarterstaff of chaos!
* * * LOW HITPOINT WARNING * * *
You feel yourself slow down.
Crazy Yiuf hits you with a +3 quarterstaff of chaos.
* * * LOW HITPOINT WARNING * * *
Crazy Yiuf burns you.
Crazy Yiuf hits you with a +3 quarterstaff of chaos!
* * * LOW HITPOINT WARNING * * *
Crazy Yiuf burns you.
You die...

#.#.#...........#.##.# #..#
#.#.#.....##'####.##.# #..#
#.#.#.....##.# #..#.# #..######
#.#.#...###### ###### ##........
#.#.#.### #...######
#.#.#...####### #...'.....
......###.P.#.### ### #...######
#.........PP.#..##...# #...######
..........P.####@g...# #.........
......+.#..## ###..)# #...######
......###### ### #...# ..###.#
##'## # .÷# #.# #..# ###
).###.###### ######..# #..
)...#.##.#'# #.##....# #..
....#.##.#.########.##....#####..
....#.##............##...........


You could see Crazy Yiuf.

Vanquished Creatures
  Natasha (twice) (D:3)
  3 adders (D:2)
  3 gnolls (D:2)
  2 worms
  2 dart slugs
  3 leopard geckos
  8 orcs (D:3)
  3 giant cockroaches
  4 goblins
  13 hobgoblins
  5 kobolds
  2 quokkas
  5 bats
  2 frilled lizards
  7 rats
  A fungus (D:3)
65 creatures vanquished.

Notes
Turn   | Place    | Note
-------+----------+-------------------------------------------
     0 | D:1      | MalarOregon the Draconian Fire Elementalist began the quest
                  | for the Orb.
     0 | D:1      | Reached XP level 1. HP: 14/14 MP: 3/3
   508 | D:1      | Reached XP level 2. HP: 20/20 MP: 3/5
  1326 | D:2      | Reached XP level 3. HP: 16/26 MP: 0/6
  2108 | D:2      | Reached skill level 4 in Fire Magic
  2119 | D:2      | Reached XP level 4. HP: 27/33 MP: 0/7
  2571 | D:2      | Found a glowing golden altar of the Shining One.
  2771 | D:3      | Learned a level 4 spell: Sticky Flame
  3492 | D:3      | Reached XP level 5. HP: 38/38 MP: 4/9
  3637 | D:3      | Noticed Natasha
  3645 | D:3      | Killed Natasha
  3920 | D:3      | Noticed Natasha
  3925 | D:3      | Killed Natasha
  3948 | D:3      | Found a runed translucent door.
  3949 | D:3      | Noticed Crazy Yiuf
  3996 | D:3      | HP: 1/38 [Crazy Yiuf/+3 quarterstaff of chaos (6)]
  3996 | D:3      | Slain by Crazy Yiuf

Skill      XL: |  1  2  3  4  5 |
---------------+----------------+-----
Conjurations   | 2 |  2.7
Fire Magic     | 4 |  4.8
Spellcasting   | 3 |  3.0
Dodging        | |  1.7
Stealth        | |  1.7

Action                   |  1- 3 |  4- 6 || total
-------------------------+-------+-------++-------
Melee: Unarmed           |    24 |       ||    24
       Tailslap          |     3 |     6 ||     9
       Dagger            |    26 |    61 ||    87
 Cast: Flame Tongue      |    50 |    64 ||   114
  Use: Potion            |       |     1 ||     1
 Stab: Sleeping          |       |     1 ||     1
  Eat: Chunk             |     2 |     4 ||     6
       Ration            |     1 |       ||     1
Armor: Skin              |    11 |    13 ||    24
Dodge: Dodged            |    39 |    50 ||    89
